 Dungeon Crawl Stone Soup version 0.22.0-36-g8e74550 (webtiles) character file.

842690 HaroldButt the Champion of Chaos (level 27, -6/268 HPs)
             Began as a Deep Dwarf Hunter on Aug 22, 2018.
             Was the Champion of Makhleb.
             Killed from afar by Lom Lobon (46 damage)
             ... with a great icy blast
             ... in Pandemonium on Aug 24, 2018.
             The game lasted 05:59:57 (66881 turns).

HaroldButt the Champion of Chaos (DDHu)            Turns: 66881, Time: 05:59:58

Health: -6/268     AC: 40    Str: 27    XL:     27
Magic:  10/20      EV: 23    Int: 20    God:    Makhleb [******]
Gold:   3442       SH: 31    Dex: 18    Spells: 26/26 levels left

rFire    + + +     SeeInvis +   Y - +9 broad axe (elec)
rCold    + + .     Gourm    .   k - +0 large shield
rNeg     + . .     Faith    .   n - +4 gold dragon scales
rPois    +         Spirit   .   e - +2 helmet
rElec    +         Reflect  .   q - +2 cloak of the Thief {+Fog Slay-2 SInv Stlth+}
rCorr    +         Harm     .   M - +1 pair of gloves {archery}
MR       +++++     Rnd*Rage +   G - +2 pair of boots
Stlth    ++........             c - amulet of Ofeang {+Rage rF+ MR+}
HPRegen  0.00/turn              K - ring of Aroagecu {rCorr rElec Int+4}
MPRegen  0.17/turn              r - ring of Loanigall {rF+ Slay+2 Stlth+}

@: agile, resistant, frozen, non-regenerating, very slow
A: damage resistance, heal wounds, iridescent scales 1, large bone plates 1,
berserk 1, blurry vision 3, clever 1, negative energy resistance 1, sense
surroundings 3, subdued magic 2, MP-powered wands, sturdy frame 1, no
regeneration
}: 8/15 runes: decaying, serpentine, slimy, silver, abyssal, demonic, fiery,
dark
a: Heal Wounds, Minor Destruction, Lesser Servant of Makhleb, Major Destruction,
Greater Servant of Makhleb, Renounce Religion, Evoke Fog, Evoke Berserk Rage


You were in Pandemonium.
You worshipped Makhleb.
Makhleb was exalted by your worship.
You were hungry.

You visited 11 branches of the dungeon, and saw 53 of its levels.
You visited Pandemonium 1 time, and saw 12 of its levels.
You visited the Abyss 1 time.
You visited 2 bazaars.
You also visited: Labyrinth, Trove, Ice Cave, Volcano and Wizlab.

You collected 10985 gold pieces.
You spent 7543 gold pieces at shops.


Innate Abilities, Weirdness & Mutations

You are resistant to damage.
You can heal yourself by infusing magical energy.
You resist negative energy. (rN+)
You passively map a large area around you.
You do not regenerate.
You are partially covered in iridescent scales. (AC +2)
You are partially covered in large bone plates. (SH +4)
You tend to lose your temper in combat.
Scrolls take you much longer to read.
Your mind is acute. (Int +2)
Your spells are easier to cast, but less powerful.
You expend magic power (3 MP) to strengthen your wands.
Your movements are slightly less encumbered by armour. (ER -2)


   Skills:
 - Level 20.1 Fighting
 - Level 23.4 Axes
 - Level 6.0 Throwing
 - Level 16.0 Armour
 - Level 19.7 Dodging
 - Level 13.2 Stealth
 - Level 25.0 Shields
   Level 11.8 Charms
   Level 13.1 Necromancy
 + Level 26.6 Invocations
 - Level 15.0 Evocations


You had 26 spell levels left.
You didn't know any spells.
Your spell library contained the following spells:

 Spells                   Type           Power        Failure   Level  Hunger
 Animate Skeleton         Necr           N/A          1%          1    ##.....
 Infusion                 Chrm           ####         1%          1    ##.....
 Pain                     Necr           ####         1%          1    ##.....
 Song of Slaying          Chrm           ####....     1%          2    ###....
 Sublimation of Blood     Necr           ####......   1%          2    ###....
 Vampiric Draining        Necr           ####......   1%          3    ####...
 Animate Dead             Necr           N/A          6%          4    #####..
 Shroud of Golubria       Chrm/Tloc      ##........   22%         2    ###....
 Swiftness                Chrm/Air       ##......     22%         2    ###....
 Ozocubu's Armour         Chrm/Ice       ##......     43%         3    ####...
 Spectral Weapon          Hex/Chrm       ##......     43%         3    ####...
 Death Channel            Necr           ####......   77%         6    #######
 Beastly Appendage        Tmut           #.....       87%         1    ##.....
 Confusing Touch          Hex            #.....       87%         1    ##.....
 Corona                   Hex            #......      87%         1    ##.....
 Flame Tongue             Conj/Fire      #....        87%         1    ##.....
 Freeze                   Ice            #...         87%         1    ##.....
 Magic Dart               Conj           #...         87%         1    ##.....
 Sandblast                Erth           #.....       87%         1    ##.....
 Shock                    Conj/Air       #...         87%         1    ##.....
 Summon Butterflies       Summ           #.......     87%         1    ##.....
 Summon Small Mammal      Summ           #...         87%         1    ##.....
 Blink                    Tloc           N/A          95%         2    ###....
 Call Imp                 Summ           #.......     95%         2    ###....
 Ensorcelled Hibernation  Hex/Ice        #.....       95%         2    ###....
 Passwall                 Tmut/Erth      #.......     95%         2    ###....
 Poisonous Vapours        Pois/Air       #.....       95%         2    ###....
 Searing Ray              Conj           #.....       95%         2    ###....
 Slow                     Hex            #.......     95%         2    ###....
 Sticks to Snakes         Tmut           #.......     95%         2    ###....
 Throw Flame              Conj/Fire      #.....       95%         2    ###....
 Throw Frost              Conj/Ice       #.....       95%         2    ###....
 Borgnjor's Vile Clutch   Necr/Erth      ###.......   98%         5    ######.
 Call Canine Familiar     Summ           #.......     99%         3    ####...
 Confuse                  Hex            #.......     99%         3    ####...
 Conjure Flame            Conj/Fire      #.......     99%         3    ####...
 Dazzling Spray           Conj/Hex       #.....       99%         3    ####...
 Gell's Gravitas          Tloc           #.........   99%         3    ####...
 Ignite Poison            Fire/Tmut/Pois #.......     99%         3    ####...
 Inner Flame              Hex/Fire       #.......     99%         3    ####...
 Lesser Beckoning         Tloc           #.........   99%         3    ####...
 Mephitic Cloud           Conj/Pois/Air  #.......     99%         3    ####...
 Portal Projectile        Hex/Tloc       #.....       99%         3    ####...
 Recall                   Summ/Tloc      N/A          99%         3    ####...
 Spider Form              Tmut/Pois      #.........   99%         3    ####...
 Static Discharge         Conj/Air       #.......     99%         3    ####...
 Stone Arrow              Conj/Erth      #.....       99%         3    ####...
 Summon Guardian Golem    Hex/Summ       #.......     99%         3    ####...
 Teleport Other           Tloc           #.......     99%         3    ####...
 Tukima's Dance           Hex            #.......     99%         3    ####...
 Iskenderun's Battlesphe  Conj/Chrm      ##......     99%         5    ######.
 Airstrike                Air            #.........   100%        4    #####..
 Cause Fear               Hex            #.........   100%        4    #####..
 Force Lance              Conj/Tloc      #.......     100%        4    #####..
 Fulminant Prism          Conj/Hex       #.........   100%        4    #####..
 Ice Form                 Ice/Tmut       #.......     100%        4    #####..
 Iskenderun's Mystic Bla  Conj           #.......     100%        4    #####..
 Leda's Liquefaction      Hex/Erth       #.........   100%        4    #####..
 Passage of Golubria      Tloc           N/A          100%        4    #####..
 Petrify                  Tmut/Erth      #.......     100%        4    #####..
 Sticky Flame             Conj/Fire      #.......     100%        4    #####..
 Summon Ice Beast         Ice/Summ       #.......     100%        4    #####..
 Summon Lightning Spire   Summ/Air       #.......     100%        4    #####..
 Throw Icicle             Conj/Ice       #.......     100%        4    #####..
 Alistair's Intoxication  Tmut/Pois      #.......     100%        5    ######.
 Aura of Abjuration       Summ           #.........   100%        5    ######.
 Blade Hands              Tmut           #.........   100%        5    ######.
 Bolt of Magma            Conj/Fire/Erth #.........   100%        5    ######.
 Fireball                 Conj/Fire      #.........   100%        5    ######.
 Irradiate                Conj/Tmut      #.........   100%        5    ######.
 Lee's Rapid Deconstruct  Erth           #.........   100%        5    ######.
 Metabolic Englaciation   Hex/Ice        #.........   100%        5    ######.
 Silence                  Hex/Air        #.........   100%        5    ######.
 Summon Demon             Summ           #.........   100%        5    ######.
 Summon Forest            Summ/Tloc      #.........   100%        5    ######.
 Summon Mana Viper        Hex/Summ       #.......     100%        5    ######.
 Venom Bolt               Conj/Pois      #.........   100%        5    ######.
 Yara's Violent Unravell  Hex/Tmut       #.........   100%        5    ######.
 Bolt of Cold             Conj/Ice       #.........   100%        6    #######
 Bolt of Fire             Conj/Fire      #.........   100%        6    #######
 Conjure Ball Lightning   Conj/Air       #.........   100%        6    #######
 Darkness                 Hex            #.........   100%        6    #######
 Deflect Missiles         Chrm/Air       ##........   100%        6    #######
 Dispersal                Tloc           #.........   100%        6    #######
 Freezing Cloud           Conj/Ice/Air   #.........   100%        6    #######
 Hydra Form               Tmut           #.........   100%        6    #######
 Iron Shot                Conj/Erth      #.........   100%        6    #######
 Ozocubu's Refrigeration  Ice            #.........   100%        6    #######
 Shadow Creatures         Summ           N/A          100%        6    #######
 Simulacrum               Ice/Necr       ###.......   100%        6    #######
 Statue Form              Tmut/Erth      #........    100%        6    #######
 Dragon Form              Tmut           #.........   100%        7    #######
 Haunt                    Necr/Summ      ###.......   100%        7    #######
 Malign Gateway           Summ/Tloc      #.........   100%        7    #######
 Orb of Destruction       Conj           #.........   100%        7    #######
 Ring of Flames           Chrm/Fire      ##........   100%        7    #######
 Spellforged Servitor     Conj/Summ      #.........   100%        7    #######
 Summon Hydra             Summ           #.........   100%        7    #######
 Borgnjor's Revivificati  Necr           ####......   100%        8    #######
 Controlled Blink         Tloc           N/A          100%        8    #######
 Death's Door             Chrm/Necr      ####......   100%        8    #######
 Disjunction              Tloc           #.........   100%        8    #######
 Ignition                 Fire           #.........   100%        8    #######
 Infestation              Necr           ####......   100%        8    #######
 Necromutation            Tmut/Necr      ###.......   100%        8    #######
 Dragon's Call            Summ           #.........   100%        9    #######
 Tornado                  Air            #.........   100%        9    #######
 Regeneration             Chrm/Necr      Unusable     N/A         3    N/A

Inventory:

Hand Weapons
 E - a +3 vampiric broad axe
 O - the +14 obsidian axe {chop, +Fly SInv *Curse}

   It inflicts extra damage upon your enemies.
   It lets you see invisible.
   It lets you fly.
   It curses itself when equipped.
 S - the +3 broad axe of Exoneration {flame, rElec Int+6 SInv}

   It has been specially enchanted to burn those struck by it, causing extra
   injury to most foes and up to half again as much damage against particularly
   susceptible opponents.
   Big, fiery blades are also staple armaments of hydra-hunters.
   It affects your intelligence (+6).
   It insulates you from electricity.
   It lets you see invisible.
 Y - a +9 broad axe of electrocution (weapon)
Missiles
 b - 7 javelins of penetration (quivered)
 d - 5 throwing nets {=f}
 J - 7 steel javelins
Armour
 e - a +2 helmet (worn)
 k - a +0 large shield (worn)
 m - the +0 pair of gloves of Dasuink {MR+ rCorr}

   It affects your resistance to hostile enchantments.
   It provides partial protection from all sources of acid and corrosion.
 n - +4 gold dragon scales (worn)
 q - the +2 cloak of the Thief (worn) {+Fog Slay-2 SInv Stlth+}

   It affects your accuracy and damage with ranged weapons and melee attacks
   (-2).
   It lets you see invisible.
   It makes you more stealthy.
 G - a +2 pair of boots (worn)
 M - a +1 pair of gloves of archery (worn)
Jewellery
 c - the amulet of Ofeang (around neck) {+Rage rF+ MR+}

   [amulet of rage]

   It protects you from fire.
   It affects your resistance to hostile enchantments.
   It lets you go berserk.
 j - the amulet "Oculub" {rElec rN+ MR+ Regen+}

   [amulet of regeneration]

   It insulates you from electricity.
   It protects you from negative energy.
   It affects your resistance to hostile enchantments.
   It increases your rate of regeneration.
 r - the ring of Loanigall (right hand) {rF+ Slay+2 Stlth+}

   [ring of stealth]

   It affects your accuracy and damage with ranged weapons and melee attacks
   (+2).
   It protects you from fire.
   It makes you more stealthy.
 D - the ring "Qafafior" {rF++ Str+5}

   [ring of strength]

   It affects your strength (+5).
   It greatly protects you from fire.
 F - a +5 amulet of reflection
 I - an uncursed ring of protection from cold
 K - the ring of Aroagecu (left hand) {rCorr rElec Int+4}

   [ring of resist corrosion]

   It affects your intelligence (+4).
   It insulates you from electricity.
 N - the ring "Xojo" {+Fly MR+}

   [ring of flight]

   It affects your resistance to hostile enchantments.
   It lets you fly.
 P - the ring of Reimbursement {+Inv +Fly rElec rF+}

   [ring of protection from fire]

   It protects you from fire.
   It insulates you from electricity.
   It lets you turn invisible.
   It lets you fly.
Wands
 z - a wand of digging (14)
Scrolls
 a - 12 scrolls of vulnerability {!r}
 g - 19 scrolls of remove curse
 h - 3 scrolls of holy word
 i - 26 scrolls of teleportation {@r4}
 o - 12 scrolls of amnesia
 p - 7 scrolls of magic mapping
 u - 13 scrolls of fog
 x - 3 scrolls of summoning
 y - a scroll of identify {@r1}
 L - 22 scrolls of immolation {!r}
 Q - 8 scrolls of blinking
 U - 9 scrolls of fear
 Z - 3 scrolls of silence {!r}
Potions
 l - 5 potions of magic
 s - 10 potions of brilliance
 v - 5 potions of ambrosia
 w - 7 potions of cancellation
 A - a potion of resistance
 B - 12 potions of flight
 C - 4 potions of invisibility
 H - 16 potions of curing {@q1}
 R - 9 potions of haste {@q3}
 V - 5 potions of might
 W - 8 potions of agility
 X - 9 potions of heal wounds {@q2}
Comestibles
 f - 64 rations
 t - 6 chunks of flesh

Dungeon Overview and Level Annotations

Branches:
Dungeon (15/15)            Temple (1/1) D:6            Lair (6/6) D:10
  Swamp (4/4) Lair:2        Snake (4/4) Lair:2        Slime (5/5) Lair:6
    Orc (2/2) D:11            Elf (3/3) Orc:2        Vaults (5/5) D:14
  Crypt (3/3) Vaults:2       Tomb (0/3) Crypt:3      Depths (5/5) D:15
    Zot (0/5) Depths:5

Altars:
Ashenzari
Cheibriados
Dithmenos
Elyvilon
Fedhas
Gozag
Hepliaklqana
Kikubaaqudgha
Makhleb
Nemelex Xobeh
Okawaru
Qazlal
Ru
Sif Muna
Trog
Uskayaw
Vehumet
Wu Jian
Xom
Yredelemnul
Zin
The Shining One
Beogh
Jiyva

Shops:
D:7 [   D:11 ?   Orc:1 [*[?   Orc:2 ([*:   Snake:4 }   Vaults:1 :   Vaults:2 (=
Vaults:4 :   Vaults:5 !   Depths:5 :*:[

Portals:
Hell: Depths:1 Depths:2 Depths:3 Depths:4 Depths:5
Abyss: Depths:4
Pandemonium: Depths:3
Ziggurat: Depths:2

Annotations:
Pan Lom Lobon

.....)▒▒≈ ▒.........▒▒≈.....)...▒
......#▒▒▒...........▒▒.......≈▒▒
≈≈≈≈≈#######≈≈≈≈≈≈≈...▒.....≈≈≈▒▒
≈≈≈≈≈≈.....≈≈≈≈≈≈≈≈≈.......≈≈≈▒▒▒
▒▒▒▒▒≈#...#≈▒▒ ░▒▒≈≈...▒▒≈≈≈≈▒ ▒
▒▒≈...≈▒▒≈≈ ≈▒▒≈≈...▒▒≈≈≈▒ ▒
≈≈▒▒...▒▒≈≈≈ ▒▒≈≈...▒▒≈≈≈▒▒ ░
▒▒.▒▒≈≈≈≈▒▒▒ ▒▒≈≈...▒▒≈≈▒▒ ░≈
≈≈▒#▒≈≈≈≈▒▒g▒▒≈ ▒▒≈≈..▒▒≈≈▒▒
▒)▒≈≈≈≈▒2&2▒ ≈▒≈≈...▒▒≈≈▒ ' ≈
▒#▒≈≈≈≈▒+.▒▒≈ ▒≈≈...▒ ▒▒
▒▒)▒▒≈#≈.▒▒▒≈≈≈ ▒≈≈...▒ ▒
.≈▒▒...▒▒###≈≈≈≈≈≈▒▒≈≈..▒▒ ▒
≈≈........###≈≈≈≈≈▒▒≈≈...▒ ░▒
≈≈▒.......#.▒≈≈≈≈≈▒▒≈≈...▒▒ ░▒
░▒......#..▒▒≈≈≈▒▒≈≈..:▒▒ ░░▒
▒...........▒▒▒▒▒.....▒▒ ≈ ≈


You could see Lom Lobon, a friendly cacodemon and a friendly green death.


Message History

Lom Lobon gestures at you.
Lom Lobon conjures a mighty blast of ice!
The great icy blast engulfs you! You partially resist.
* * * LOW HITPOINT WARNING * * *
You are encased in ice.
Your green death hits Lom Lobon!!
Your cacodemon hits Lom Lobon but does no damage.
Your cacodemon hits Lom Lobon!
Use which ability? (? or * to list)
Your magical essence is drained by the effort!
You feel much better.
You are engulfed in freezing vapours.
You resist.
* * * LOW HITPOINT WARNING * * *
Lom Lobon hits you!
* * * LOW HITPOINT WARNING * * *
You feel your power leaking away.
Your green death barely misses Lom Lobon.
Your cacodemon misses Lom Lobon. Your cacodemon hits Lom Lobon!
You hit Lom Lobon.
Lom Lobon is heavily wounded.
You are engulfed in freezing vapours.
You resist. Lom Lobon gestures at you.
Lom Lobon conjures a mighty blast of ice!
The great icy blast engulfs you! You partially resist.
You die...

Action                   |  1- 3 |  4- 6 |  7- 9 | 10-12 | 13-15 | 16-18 | 19-21 | 22-24 | 25-27 || total
-------------------------+-------+-------+-------+-------+-------+-------+-------+-------+-------++-------
Melee: Short sword       |    36 |       |       |       |       |       |       |       |       ||    36
       Whip              |    72 |    12 |       |       |       |       |       |       |       ||    84
       Hand axe          |       |   237 |   501 |     8 |       |       |       |       |       ||   746
       War axe           |       |       |   232 |   343 |       |       |       |       |       ||   575
       Battleaxe         |       |       |       |   268 |       |       |       |       |       ||   268
       Broad axe         |       |       |       |   327 |  1724 |  1809 |  2048 |  1455 |  3923 || 11286
Throw: Javelin           |       |     4 |       |       |       |       |       |       |     4 ||     8
       Throwing net      |       |       |     2 |       |       |       |       |       |       ||     2
Invok: Minor Destruction |       |       |       |     1 |       |       |       |       |       ||     1
       Major Destruction |       |       |       |       |     7 |    14 |     3 |     4 |     6 ||    34
       Greater Servant o |       |       |       |       |     2 |       |       |       |    10 ||    12
 Abil: Heal Wounds       |     1 |     3 |    14 |    11 |     3 |       |     5 |     6 |    24 ||    67
       Evoke Flight      |       |       |       |       |       |       |       |     4 |       ||     4
Evoke: Wand              |       |       |       |    17 |     4 |       |       |     5 |     4 ||    30
  Use: Scroll            |     3 |    10 |    12 |     6 |    19 |    10 |    13 |    15 |    45 ||   133
       Potion            |     2 |     1 |     4 |     5 |     3 |     3 |     2 |     5 |    30 ||    55
 Stab: Distracted        |       |       |       |       |     1 |       |     2 |     4 |    17 ||    24
       Invisible         |       |       |       |       |       |     3 |     3 |       |     1 ||     7
  Eat: Chunk             |       |     6 |    15 |    26 |    31 |    27 |    27 |    12 |    31 ||   175
       Ration            |       |       |       |     6 |     2 |     1 |     1 |     3 |    11 ||    24
Armor: Leather armour    |     4 |       |       |       |       |       |       |       |       ||     4
       Chain mail        |    42 |   147 |   166 |       |   244 |   708 |   562 |   428 |    99 ||  2396
       Plate armour      |       |       |   311 |   772 |   238 |       |       |       |       ||  1321
       Ring mail         |       |       |       |       |     5 |       |       |       |       ||     5
       Ice dragon scales |       |       |       |       |    29 |       |       |       |       ||    29
       Gold dragon scale |       |       |       |       |       |       |       |       |  1173 ||  1173
Dodge: Dodged            |    41 |    95 |   246 |   354 |   340 |   561 |   622 |   455 |   929 ||  3643
Block: Shield            |       |       |       |    84 |  1252 |  1566 |   695 |       |       ||  3597
       Reflection        |       |       |       |       |    59 |   151 |    23 |       |    19 ||   252
       Large shield      |       |       |       |       |       |       |   888 |  1334 |  4028 ||  6250

Vault maps used:
D:1:      dpeg_arrival_long_road
D:2:      uniq_sigmund, uniq_robin
D:3:      kennysheep_generic_room_10, uniq_natasha, uniq_crazy_yiuf_cottage
D:4:      uniq_edmund, uniq_duvessa
D:5:      first_ration, kennysheep_another_room, kennysheep_generic_room_16,
          uniq_menkaure, uniq_blork_the_orc
D:6:      minmay_temple_entry_steel_oval
D:7:      serial_shops, nicolae_shop_window_shopping
D:8:      ebering_ghost_gozag
D:9:      minmay_overflow_temple_hex, hangedman_little_slice_of_home
D:10:     lair_entry_dummy, uniq_josephine
D:11:     orc_0_dummy, basic_altar, serial_shops, shop, billiards_dpeg,
          uniq_erolcha
D:13:     portal_ice_cave_entry_pillars_1
D:14:     grunt_vaults_entry_tiered, nicolae_dithmenos_the_darkroom
D:15:     hangedman_depths_entry_try_elsewhere_first,
          minmay_misc_feat_four_crosses, uniq_rupert
Temple:   regret_index_temple_sphere_string
Lair:1:   gammafunk_ghost_hydra_chop
Lair:2:   lemuel_reptile_caves, minmay_swamp_entry_worms, lemuel_fruit_tree,
          infiniplex_staircase_pool_2, serial_bayou_shore_a, uniq_sonja,
          uniq_nergalle
Lair:3:   pf_torpor_hydra, minmay_lair_oklob_chamber, grunt_megastairs_5
Lair:4:   special_room, beast_lair_carwin_2, grunt_megastairs_2
Lair:5:   minivault_23
Lair:6:   guppyfry_lair_end_dragon, hangedman_lair_tendril_chambers,
          slime_dummy, gammafunk_ghost_ooze, enter_volcano_4,
          eino_small_chamber_without_monster, minivault_29
Swamp:1:  hangedman_swamp_ruin_hall, swamp_pool3, st_swamp_ruins_2
Swamp:2:  evilmike_swamp_ruin_rubble_1, uniq_roxanne, uniq_nikola
Swamp:3:  evilmike_swamp_ruin_house_4, nicolae_swamp_feature_on_the_river_bank
Swamp:4:  swamp_pestilence
Snake:2:  serial_bayou_lagoon_a
Snake:3:  serial_shops, bzr_entry_safe, uniq_azrael
Snake:4:  minmay_snake_end_coiled, serial_shops, shop, uniq_vashnia
Slime:3:  cheibrodos_slime_lost_civilization_7
Orc:1:    serial_shops, shop, shop, shop_fountains,
          nicolae_shop_competitors_out_of_business, minmay_orc_temple_b,
          uniq_maurice
Orc:2:    st_orc_congregation, lab_entry_generic, basic_altar
Elf:1:    eino_elf_arrival_the_gate, minmay_elf_crystal_hexagon,
          hangedman_elf_simple_split
Elf:3:    minmay_elf_hall_dome, special_room, basic_altar,
          minmay_misc_feat_cross
Vaults:1: nicolae_vaults_big_angled_halls, vaults_dpeg_cross,
          dpeg_vaults_monster_row, hangedman_vaults_locks,
          ontoclasm_vaults_gallery, nicolae_vaults_big_ls, v_misc_29,
          ontoclasm_vaults_gateway, nicolae_vaults_sealed_display,
          vaults_dpeg_hooks, v_misc_4, nicolae_vaults_gold_heap,
          grunt_vaults_focal, vaults_room_fancy_cross, ontoclasm_vaults_pinch,
          vaults_room_hallway, serial_shops, nicolae_shop_statue_plus
Vaults:2: ontoclasm_vaults_ligature, minmay_crypt_entry_simple_plaza, v_misc_5,
          v_rooms_1, nicolae_vaults_network_s, v_misc_11, v_rooms_3,
          v_pattern_1, nicolae_vaults_little_squares_1, vaults_room_hallway,
          hangedman_vaults_corner_blocks, kb_rosetta, serial_shops,
          bzr_in_the_mist, shop, shop, shop, lightli_enter_wizlab_magi_temple
Vaults:3: vaults_room_corners, vaults_mumra_chevron_long,
          nicolae_vaults_ring_of_whatevers, nicolae_vaults_triangles,
          vaults_dpeg_encased_lava, hangedman_vaults_slice, vaults_room_pools
Vaults:4: hangedman_vaults_stitches, vaults_mumra_minichess,
          ontoclasm_vaults_hangar, hangedman_vaults_hat,
          hangedman_vaults_corner_blocks, dpeg_vaults_pockets_of_resistance,
          nicolae_vaults_mini_display_case, nicolae_vaults_rhombus_6,
          serial_shops, nicolae_shop_waterfront
Vaults:5: serial_shops
Crypt:1:  grunt_crypt_arrival_split
Crypt:2:  uniq_saint_roka
Crypt:3:  due_elkab, st_shrine_of_skulls
Depths:1: kennysheep_donut, hell_entry, serial_shops, shop,
          gammafunk_ghost_cemetery, kennysheep_potato
Depths:2: minmay_ambush_box, enter_ziggurat_e, hangedman_coc_ice_floe,
          minmay_staircase_bubble
Depths:3: evilmike_cross, pf_hell_entry_great_geh, moated_statue, pan_entry,
          basic_stair_grate_trap
Depths:4: lemuel_river_lethe, hell_entry, abyss_entry
Depths:5: grunt_zot_entry_hairpin, grunt_hell_entry_dis_old,
          nicolae_trove_entry_columns, solitary_fountain, minmay_shoptagon,
          serial_bayou_shore_b, uniq_mennas
Abyss:3:  lemuel_flamethrower_2
Pan:      evilmike_mini_pan_possible_glass, nicolae_pan_cerebovesque_2,
          rand_demon_4, rand_demon_7, nicolae_pan_giant_door,
          pan_blood_fountain, nicolae_pan_gloorx_vloqian_1,
          evilmike_mini_pan_doors, lemuel_hall_of_pain, rand_demon_1,
          rand_demon_8, pan_blood_fountain_small, pan_blood_fountain,
          nicolae_pan_lom_lobonic_1, cerebov_st, pan_blood_fountain_small,
          pan_disco_hall, evilmike_gloorx_vloq_box,
          nicolae_pan_gloorx_vloqian_3, lom_lobon_st, pan_blood_fountain_small
Lab:      nicolae_lab_blocks, nicolae_lab_statue
Bazaar:   bazaar_minmay_generic_island, bazaar_lake
Trove:    trove_garden
IceCv:    ice_cave_small_necro
Volcano:  volcano_lake
WizLab:   wizlab_cloud

Notes
Turn   | Place    | Note
-------+----------+-------------------------------------------
     0 | D:1      | HaroldButt the Deep Dwarf Hunter began the quest for the Orb.
     0 | D:1      | Reached XP level 1. HP: 19/19 MP: 1/1
    99 | D:1      | Reached skill level 4 in Throwing
   192 | D:1      | Reached XP level 2. HP: 10/26 MP: 2/2
  1046 | D:2      | Noticed Sigmund
  1076 | D:2      | Reached XP level 3. HP: 12/32 MP: 3/3
  1113 | D:2      | Upgraded the game from 0.22.0-27-ga576289 to 0.22.0-32-gbc6daba
  1292 | D:2      | Killed Sigmund
  1292 | D:2      | Reached skill level 3 in Axes
  1292 | D:2      | Reached skill level 5 in Throwing
  1292 | D:2      | Reached XP level 4. HP: 24/39 MP: 4/4
  1292 | D:2      | Reached XP level 5. HP: 28/45 MP: 5/5
  1558 | D:2      | Noticed Robin
  1587 | D:2      | Killed Robin
  1772 | D:3      | Reached XP level 6. HP: 30/52 MP: 6/6
  2151 | D:3      | Found a runed door.
  2273 | D:3      | Noticed Natasha
  2286 | D:3      | Killed Natasha
  2286 | D:3      | Reached skill level 4 in Axes
  2321 | D:3      | Noticed Natasha
  2335 | D:3      | Killed Natasha
  2335 | D:3      | Reached skill level 6 in Throwing
  2392 | D:3      | Noticed Natasha
  2398 | D:3      | Killed Natasha
  2453 | D:3      | Noticed Crazy Yiuf
  2460 | D:3      | Killed Crazy Yiuf
  2526 | D:4      | Reached skill level 5 in Axes
  2644 | D:4      | Noticed Dowan
  2656 | D:4      | Killed Dowan
  2656 | D:4      | Reached XP level 7. HP: 39/58 MP: 7/7
  2684 | D:4      | Noticed Duvessa
  2712 | D:4      | Killed Duvessa
  2712 | D:4      | Reached skill level 6 in Axes
  2881 | D:4      | Reached skill level 7 in Axes
  3231 | D:4      | Noticed Edmund
  3247 | D:4      | Killed Edmund
  3247 | D:4      | Reached skill level 8 in Axes
  3391 | D:5      | Entered Level 5 of the Dungeon
  3444 | D:5      | Noticed Blork the orc
  3470 | D:5      | Killed Blork the orc
  3470 | D:5      | Reached skill level 2 in Fighting
  3470 | D:5      | Reached XP level 8. HP: 30/68 MP: 7/7
  3694 | D:5      | Reached skill level 3 in Fighting
  4004 | D:5      | Reached skill level 4 in Fighting
  4072 | D:5      | Noticed Menkaure
  4089 | D:5      | Killed Menkaure
  4089 | D:5      | Reached skill level 2 in Armour
  4234 | D:6      | Reached skill level 3 in Armour
  4252 | D:6      | Found a staircase to the Ecumenical Temple.
  4261 | Temple   | Entered the Ecumenical Temple
  4372 | Temple   | Became a worshipper of Makhleb the Destroyer
  4590 | D:6      | Reached skill level 4 in Armour
  4674 | D:6      | Reached skill level 3 in Dodging
  4728 | D:6      | Reached skill level 4 in Dodging
  4976 | D:6      | Reached skill level 5 in Dodging
  4976 | D:6      | Gained mutation: You passively map the area around you. [Deep Dwarf growth]
  4976 | D:6      | Reached XP level 9. HP: 25/78 MP: 7/7
  5147 | D:7      | Reached skill level 6 in Dodging
  5366 | D:7      | Reached skill level 9 in Axes
  5370 | D:7      | Found Hien's Armour Shop.
  5718 | D:7      | Reached skill level 10 in Axes
  6120 | D:8      | Reached * piety under Makhleb
  6567 | D:8      | Reached skill level 11 in Axes
  6680 | D:8      | Found a runed gate.
  6680 | D:8      | Found a runed gate.
  6681 | D:8      | Found a runed gate.
  6688 | D:8      | Noticed a komodo dragon
  6688 | D:8      | Noticed bloodycherry's ghost (novice MiFi)
  6689 | D:8      | Found an opulent altar of Gozag.
  6869 | D:9      | Noticed a troll
  6928 | D:9      | Reached ** piety under Makhleb
  6964 | D:9      | Killed a troll
  6964 | D:9      | Reached XP level 10. HP: 63/85 MP: 6/6
  7039 | D:9      | Reached skill level 12 in Axes
  7376 | D:9      | Reached skill level 5 in Fighting
  7389 | D:9      | Got a vibrating ivory amulet
  7390 | D:9      | Identified the amulet "Yciozxae" {Inacc *Drain rPois rC+++ Str+3 Int+4} (You found it on level 9 of the Dungeon)
  7427 | D:9      | Found a deep blue altar of Sif Muna.
  7428 | D:9      | Found a white marble altar of Elyvilon.
  7428 | D:9      | Found a glowing silver altar of Zin.
  7428 | D:9      | Found a bloodstained altar of Trog.
  7436 | D:9      | Found an ornate altar of the Wu Jian Council.
  7436 | D:9      | Found a shattered altar of Ashenzari.
  7636 | D:10     | Entered Level 10 of the Dungeon
  7730 | D:10     | Reached *** piety under Makhleb
  7828 | D:10     | Found a staircase to the Lair.
  7866 | D:10     | Reached skill level 6 in Fighting
  7919 | D:10     | Identified a scroll of acquirement
  8051 | D:10     | Reached skill level 1 in Invocations
  8064 | D:10     | Reached skill level 2 in Invocations
  8065 | D:10     | Noticed Josephine
  8095 | D:10     | HP: 9/92 [killer bee (4)]
  8108 | D:10     | HP: 8/92 [killer bee (2)]
  8114 | D:10     | HP: 8/92 [killer bee (3)]
  8124 | D:10     | HP: 7/92 [killer bee (1)]
  8127 | D:10     | HP: 2/92 [killer bee (3)]
  8200 | D:10     | Reached skill level 3 in Invocations
  8265 | Lair:1   | Entered Level 1 of the Lair of Beasts
  8294 | Lair:1   | Reached skill level 4 in Invocations
  8299 | Lair:1   | Reached skill level 7 in Fighting
  8306 | Lair:1   | Reached skill level 5 in Invocations
  8554 | Lair:1   | Reached skill level 6 in Invocations
  8631 | Lair:1   | Found a runed gate.
  8635 | Lair:1   | Found a runed gate.
  8635 | Lair:1   | Found a runed gate.
  8635 | Lair:1   | Noticed a 12-headed hydra
  8635 | Lair:1   | Noticed Faytuur's ghost (journeyman MiFi)
  8635 | Lair:1   | Noticed a ten-headed hydra
  8690 | Lair:1   | Noticed a spiny frog
  8695 | Lair:1   | Killed a spiny frog
  8695 | Lair:1   | Reached XP level 11. HP: 41/102 MP: 6/6
  9006 | Lair:2   | Found a staircase to the Snake Pit.
  9028 | Lair:2   | Noticed Sonja
  9037 | Lair:2   | HP: 3/103 [komodo dragon (22)]
  9201 | Lair:2   | Reached skill level 8 in Fighting
  9368 | Lair:2   | Killed Sonja
  9388 | Lair:2   | Reached **** piety under Makhleb
  9423 | Lair:2   | Reached skill level 13 in Axes
  9479 | Lair:2   | Found a staircase to the Swamp.
  9543 | Lair:2   | Noticed Nergalle
  9559 | Lair:2   | Killed Nergalle
  9968 | Lair:2   | Reached skill level 14 in Axes
 10004 | Lair:2   | Got a warped broad axe
 10005 | Lair:2   | Identified the +3 broad axe of Exoneration {flame, rElec Int+6 SInv} (You found it on level 2 of the Lair of Beasts)
 10132 | Lair:3   | Noticed an oklob plant
 10132 | Lair:3   | Noticed an oklob plant
 10261 | Lair:3   | Found a runed door.
 10397 | Lair:3   | Reached skill level 1 in Shields
 10402 | Lair:3   | Reached ***** piety under Makhleb
 10402 | Lair:3   | Reached skill level 2 in Shields
 10529 | Lair:3   | Reached skill level 3 in Shields
 10596 | Lair:3   | Reached skill level 15 in Axes
 10596 | Lair:3   | Reached XP level 12. HP: 96/110 MP: 5/5
 11212 | Lair:4   | Reached skill level 4 in Shields
 11353 | Lair:4   | Noticed a death yak
 11353 | Lair:4   | Noticed a death yak
 11354 | Lair:4   | Noticed a death yak
 11406 | Lair:4   | Killed a death yak
 11406 | Lair:4   | Reached skill level 5 in Shields
 11413 | Lair:4   | Killed a death yak
 11426 | Lair:4   | Killed a death yak
 11620 | Lair:4   | Reached skill level 6 in Shields
 11944 | Lair:4   | Reached skill level 7 in Shields
 12256 | Lair:5   | Reached skill level 16 in Axes
 12277 | Lair:5   | Reached skill level 8 in Shields
 12396 | Lair:5   | Reached XP level 13. HP: 117/117 MP: 6/6
 12406 | Lair:5   | Reached skill level 9 in Shields
 13011 | Lair:6   | Entered Level 6 of the Lair of Beasts
 13011 | Lair:6   | Found a runed gate.
 13011 | Lair:6   | Found a runed gate.
 13011 | Lair:6   | Found a runed gate.
 13059 | Lair:6   | Reached ****** piety under Makhleb
 13084 | Lair:6   | Found a dark tunnel.
 13089 | Volcano  | Entered a volcano
 13191 | Volcano  | Found a radiant altar of Vehumet.
 13207 | Volcano  | Reached skill level 17 in Axes
 13212 | Volcano  | Reached skill level 10 in Shields
 13711 | Lair:6   | Noticed HaroldButt's ghost (journeyman MfMo)
 13712 | Lair:6   | Noticed a death ooze
 13713 | Lair:6   | Found a viscous altar of Jiyva.
 13771 | Lair:6   | Reached skill level 11 in Shields
 13817 | Lair:6   | Noticed an entropy weaver
 13817 | Lair:6   | Noticed an entropy weaver
 13844 | Lair:6   | Killed an entropy weaver
 13850 | Lair:6   | Killed an entropy weaver
 14075 | Lair:6   | Reached skill level 18 in Axes
 14133 | Lair:6   | Reached skill level 12 in Shields
 14146 | Lair:6   | Found a staircase to the Slime Pits.
 14166 | Lair:6   | Gained mutation: You resist negative energy. (rN+) [Deep Dwarf growth]
 14166 | Lair:6   | Reached XP level 14. HP: 106/126 MP: 7/7
 14173 | Lair:6   | Paralysed by a hornet for 3 turns
 14591 | D:10     | Killed Josephine
 14596 | D:10     | Reached skill level 7 in Invocations
 15144 | D:11     | Found Meps's Magic Scroll Emporium.
 15147 | D:11     | Bought a scroll of silence for 75 gold pieces
 15147 | D:11     | Bought a scroll of vulnerability for 75 gold pieces
 15147 | D:11     | Bought a scroll of brand weapon for 200 gold pieces
 15147 | D:11     | Bought a scroll of enchant weapon for 75 gold pieces
 15269 | D:11     | Found a staircase to the Orcish Mines.
 15305 | D:11     | Noticed Erolcha
 15312 | D:11     | Killed Erolcha
 15389 | D:11     | Found a sacrificial altar of Ru.
 15521 | D:11     | Reached skill level 8 in Invocations
 15692 | Orc:1    | Entered Level 1 of the Orcish Mines
 15692 | Orc:1    | Noticed Maurice
 15702 | Orc:1    | Killed Maurice
 15809 | Orc:1    | Reached skill level 13 in Shields
 15823 | Orc:1    | Found Ynnus's Antique Armour Boutique.
 15836 | Orc:1    | Found Buakhlih's Magic Scroll Shop.
 15967 | Orc:1    | Found Oweith's Armour Emporium.
 15970 | Orc:1    | Found Kafuxiol's Assorted Antiques.
 15989 | Orc:1    | Bought a scroll labeled VAFIGR YTEF for 28 gold pieces
 16138 | Orc:1    | Found a roughly hewn altar of Beogh.
 16266 | Orc:2    | Entered Level 2 of the Orcish Mines
 16270 | Orc:2    | Found a staircase to the Elven Halls.
 16352 | Orc:2    | Reached skill level 9 in Invocations
 16357 | Orc:2    | Noticed an orc warlord
 16370 | Orc:2    | Killed an orc warlord
 16425 | Orc:2    | Found a labyrinth entrance.
 16435 | Lab      | Entered a labyrinth
 18144 | Lab      | Got a faintly humming leather armour
 18144 | Lab      | Got ichor-stained ice dragon scales
 18178 | Orc:2    | Identified the cursed +1 leather armour of Pobbaji {Str+4 SInv} (You found it in a labyrinth)
 18190 | Orc:2    | Identified the +0 ice dragon scales of Distant Worlds {rElec rF- rC++ rCorr} (You found it in a labyrinth)
 18467 | Orc:2    | Found a roughly hewn altar of Beogh.
 18518 | Orc:2    | HP: 4/126 [orc warrior/halberd (14)]
 18598 | Orc:2    | Reached skill level 10 in Invocations
 18613 | Orc:2    | HP: 6/126 [orc knight/enchanted battleaxe (29)]
 18687 | Orc:2    | Reached skill level 14 in Shields
 18718 | Orc:2    | Noticed an orc warlord
 18728 | Orc:2    | Reached skill level 11 in Invocations
 18740 | Orc:2    | Killed an orc warlord
 18777 | Orc:2    | Found Tibb's General Store.
 18778 | Orc:2    | Found Durreumn's Book Emporium.
 18780 | Orc:2    | Found Caqak's Antique Armour Shoppe.
 18780 | Orc:2    | Found Muohoap's Antique Weapon Shoppe.
 18799 | Orc:2    | Bought a pair of glowing gloves for 247 gold pieces
 18799 | Orc:2    | Bought an ancient chain mail for 313 gold pieces
 18809 | Orc:2    | Identified the +3 chain mail "Tieczoc" {Str+4 Int+3 Dex-5} (You bought it in a shop on level 2 of the Orcish Mines)
 18854 | Orc:2    | Bought a scroll of teleportation for 39 gold pieces
 18854 | Orc:2    | Bought a scroll of fear for 45 gold pieces
 18854 | Orc:2    | Bought a scroll of enchant armour for 97 gold pieces
 19112 | Orc:1    | Bought a polished chain mail for 332 gold pieces
 19112 | Orc:1    | Bought a heavily runed chain mail for 332 gold pieces
 19122 | Orc:1    | Identified the +7 chain mail of the Mackerel {Str+3} (You bought it in a shop on level 1 of the Orcish Mines)
 19132 | Orc:1    | Identified the +2 chain mail of Vaosap {rF++ rN+ Int+5} (You bought it in a shop on level 1 of the Orcish Mines)
 19142 | Orc:1    | Bought a scroll of teleportation for 30 gold pieces
 19142 | Orc:1    | Bought a scroll of teleportation for 30 gold pieces
 19142 | Orc:1    | Bought a scroll of magic mapping for 35 gold pieces
 19142 | Orc:1    | Bought a scroll of enchant weapon for 75 gold pieces
 19142 | Orc:1    | Bought a scroll of enchant weapon for 75 gold pieces
 19353 | Lair:6   | Reached skill level 5 in Armour
 19618 | Lair:6   | Reached skill level 6 in Armour
 19706 | Lair:6   | Reached XP level 15. HP: 132/132 MP: 12/12
 20352 | Lair:6   | Reached skill level 7 in Armour
 20428 | Lair:6   | Reached skill level 15 in Shields
 21558 | D:13     | Found a frozen archway.
 21569 | IceCv    | Entered an ice cave
 21590 | IceCv    | Reached skill level 8 in Armour
 21720 | IceCv    | Found an ancient bone altar of Kikubaaqudgha.
 21855 | IceCv    | Reached skill level 9 in Armour
 22809 | D:14     | Reached skill level 10 in Armour
 23059 | D:14     | Reached skill level 11 in Armour
 23209 | D:14     | Found a shadowy altar of Dithmenos.
 23400 | D:14     | Reached skill level 12 in Armour
 23432 | D:14     | Reached skill level 7 in Dodging
 23454 | D:14     | Found a gate to the Vaults.
 23790 | D:15     | Entered Level 15 of the Dungeon
 23838 | D:15     | Reached skill level 8 in Dodging
 24138 | D:15     | Reached skill level 9 in Dodging
 24143 | D:15     | Reached XP level 16. HP: 138/140 MP: 13/13
 24418 | D:15     | Noticed Rupert
 24429 | D:15     | Killed Rupert
 24429 | D:15     | Reached skill level 10 in Dodging
 24522 | D:15     | Found a staircase to the Depths.
 24934 | Snake:1  | Entered Level 1 of the Snake Pit
 25029 | Snake:1  | Reached skill level 11 in Dodging
 25172 | Snake:1  | Reached skill level 12 in Dodging
 25743 | Snake:2  | Reached skill level 9 in Fighting
 26015 | Snake:2  | Reached skill level 10 in Fighting
 26600 | Snake:3  | Noticed Azrael
 26622 | Snake:3  | Killed Azrael
 26732 | Snake:3  | Found a gateway to a bazaar.
 26860 | Snake:3  | Reached skill level 12 in Invocations
 27075 | Snake:4  | Entered Level 4 of the Snake Pit
 27095 | Snake:4  | Found Baenal's Gadget Shop.
 27136 | Snake:4  | Reached skill level 11 in Fighting
 27136 | Snake:4  | Reached XP level 17. HP: 151/157 MP: 15/15
 27252 | Snake:4  | Noticed Vashnia
 27292 | Snake:4  | Killed Vashnia
 27292 | Snake:4  | Reached skill level 13 in Invocations
 27622 | Snake:4  | Reached skill level 12 in Fighting
 27631 | Snake:4  | Reached skill level 14 in Invocations
 27859 | Snake:4  | Got a serpentine rune of Zot
 28268 | Swamp:1  | Entered Level 1 of the Swamp
 28327 | Swamp:1  | Reached skill level 15 in Invocations
 29005 | Swamp:2  | Noticed Nikola
 29027 | Swamp:2  | Killed Nikola
 29027 | Swamp:2  | Reached skill level 13 in Fighting
 29226 | Swamp:2  | Gained mutation: You passively map a large area around you. [Deep Dwarf growth]
 29226 | Swamp:2  | Reached XP level 18. HP: 171/171 MP: 18/18
 29580 | Swamp:2  | Reached skill level 16 in Invocations
 29669 | Swamp:2  | Noticed Roxanne
 29687 | Swamp:2  | Killed Roxanne
 29896 | Swamp:3  | Reached skill level 14 in Fighting
 30550 | Swamp:4  | Entered Level 4 of the Swamp
 30954 | Swamp:4  | Reached skill level 15 in Fighting
 31057 | Swamp:4  | Noticed a bone dragon
 31103 | Swamp:4  | Killed a bone dragon
 31114 | Swamp:4  | Got a decaying rune of Zot
 31618 | Elf:1    | Entered Level 1 of the Elven Halls
 31777 | Elf:1    | Reached skill level 16 in Fighting
 32344 | Elf:2    | Reached XP level 19. HP: 188/188 MP: 20/20
 32652 | Elf:2    | Reached skill level 13 in Armour
 32760 | Elf:2    | Found a huge runed gate.
 32760 | Elf:2    | Found a huge runed gate.
 32760 | Elf:2    | Found a huge runed gate.
 32760 | Elf:2    | Found a huge runed gate.
 32761 | Elf:2    | Found a huge runed gate.
 32979 | Elf:2    | Reached skill level 14 in Armour
 33424 | Vaults:1 | Entered Level 1 of the Vaults
 33577 | Vaults:1 | Reached skill level 15 in Armour
 33739 | Vaults:1 | Reached skill level 16 in Armour
 33906 | Vaults:1 | Found Jityir's Book Emporium.
 34466 | Vaults:1 | Reached skill level 13 in Dodging
 34630 | Vaults:2 | Found Seratt's Antique Weapon Emporium.
 34650 | Vaults:2 | Found Veuk's Magic Scroll Emporium.
 34664 | Vaults:2 | Reached skill level 14 in Dodging
 34776 | Vaults:2 | Reached XP level 20. HP: 196/196 MP: 21/21
 34901 | Vaults:2 | Found a flickering gateway to a bazaar.
 34907 | Bazaar   | Entered a bazaar
 34907 | Bazaar   | Found Xizef's Jewellery Boutique.
 34907 | Bazaar   | Found Qyth's Distillery.
 34907 | Bazaar   | Found Rometas's Armour Shop.
 34907 | Bazaar   | Found Weedgh's Food Shoppe.
 34909 | Bazaar   | Found Otimic Baint's Antique Weapon Shop.
 34943 | Bazaar   | Bought a potion of heal wounds for 50 gold pieces
 34948 | Bazaar   | Bought the ring of Loanigall {rF+ Slay+2 Stlth+} for 438 gold pieces
 35043 | Vaults:2 | Found Bigilich's Jewellery Shoppe.
 35081 | Vaults:2 | Found a magical portal.
 35104 | WizLab   | Entered The Chambers of the Cloud Mage
 35151 | WizLab   | Reached skill level 15 in Dodging
 35571 | WizLab   | Identified the ring "Xojo" {+Fly MR+} (You found it in a wizard's laboratory)
 35573 | WizLab   | Identified the amulet "Nunuozus" {rElec Regen+ Int+6} (You found it in a wizard's laboratory)
 35581 | WizLab   | Identified Pomodoch's Papyrus of Flight
 35588 | WizLab   | Identified the +2 chain mail "Rastre" {Regen+ Int+7 Dex-5 Stlth+} (You found it in a wizard's laboratory)
 35772 | Vaults:2 | Reached skill level 16 in Dodging
 36218 | Vaults:2 | Found a staircase to the Crypt.
 36943 | Vaults:3 | Reached skill level 19 in Axes
 36982 | Vaults:3 | Reached skill level 16 in Shields
 37989 | Vaults:4 | Reached XP level 21. HP: 195/205 MP: 22/22
 38276 | Vaults:4 | Found Fyneq's Book Emporium.
 38665 | Vaults:4 | Reached skill level 17 in Shields
 38709 | Vaults:4 | Reached skill level 20 in Axes
 38744 | Vaults:4 | HP: 12/205 [frost giant/bolt of cold (23)]
 38745 | Vaults:4 | HP: 5/205 [frost giant/bolt of cold (22)]
 39340 | Crypt:1  | Entered Level 1 of the Crypt
 39868 | Crypt:1  | Reached skill level 17 in Invocations
 39912 | Crypt:1  | Reached skill level 18 in Shields
 40221 | Crypt:2  | Noticed Saint Roka
 40247 | Crypt:2  | Killed Saint Roka
 40269 | Crypt:2  | Killed the ghostly Saint Roka
 40792 | Crypt:3  | Entered Level 3 of the Crypt
 40922 | Crypt:3  | Reached skill level 18 in Invocations
 40941 | Crypt:3  | Reached XP level 22. HP: 206/213 MP: 21/21
 41074 | Crypt:3  | Found a staircase to the Tomb.
 41193 | Crypt:3  | HP: 4/213 [reaper/scythe of protection (33)]
 41211 | Crypt:3  | HP: 11/213 [ancient champion/great sword of draining (21)]
 41293 | Crypt:3  | HP: 13/213 [spectral golden dragon[a revenant] (12)]
 41515 | Crypt:3  | Reached skill level 19 in Shields
 41749 | Crypt:3  | Noticed an ancient lich
 41771 | Crypt:3  | Noticed a greater mummy
 42058 | Depths:1 | Entered Level 1 of the Depths
 42098 | Depths:1 | Found a gateway to Hell.
 42318 | Depths:1 | Reached skill level 19 in Invocations
 42400 | Depths:1 | Found Ugohevia's Weapon Boutique.
 42654 | Depths:1 | Found a runed gate.
 42654 | Depths:1 | Found a runed gate.
 42655 | Depths:1 | Found a runed gate.
 42655 | Depths:1 | Noticed Remied Qure's ghost (veteran DsFi)
 42656 | Depths:1 | Noticed Linahiep's ghost (veteran DEHu)
 42847 | Depths:2 | Found the +9 staff of Wucad Mu {channel}
 42913 | Depths:2 | Reached skill level 20 in Shields
 42913 | Depths:2 | Reached skill level 20 in Invocations
 43491 | Depths:2 | Found a gateway to a ziggurat.
 43598 | Depths:2 | Reached XP level 23. HP: 206/206 MP: 22/22
 44196 | Depths:3 | Found a one-way gate leading to the halls of Pandemonium.
 44217 | Depths:3 | Reached skill level 21 in Invocations
 44748 | Depths:4 | Reached skill level 21 in Shields
 45050 | Depths:4 | Found the cursed +14 obsidian axe {chop, +Fly SInv *Curse}
 45306 | Depths:4 | Paralysed by a floating eye for 4 turns
 45315 | Depths:4 | Paralysed by a floating eye for 4 turns
 45328 | Depths:4 | Identified a potion of experience
 45355 | Depths:4 | Reached XP level 24. HP: 126/225 MP: 18/22
 45388 | Depths:4 | Identified the -7 shield "Jus Sad" {*Corrode rElec rC++ MP+9} (You acquired it on level 4 of the Depths)
 45441 | Depths:4 | Reached skill level 22 in Shields
 45537 | Depths:4 | Noticed an ancient lich
 45556 | Depths:4 | Killed an ancient lich
 45717 | Depths:4 | Found a one-way gate to the infinite horrors of the Abyss.
 45963 | Depths:4 | Found the +7 mace of Variability {chain chaos}
 46128 | Depths:4 | Identified the Catalogue of Conjuration and Venom
 46192 | Depths:5 | Entered Level 5 of the Depths
 46240 | Depths:5 | Reached skill level 1 in Evocations
 46284 | Depths:5 | Found a portal to a secret trove of treasure.
 46346 | Depths:5 | Reached skill level 2 in Evocations
 46435 | Depths:5 | Reached skill level 3 in Evocations
 46455 | Depths:5 | Reached skill level 4 in Evocations
 46463 | Depths:5 | Reached skill level 5 in Evocations
 46479 | Depths:5 | Reached skill level 6 in Evocations
 46498 | Depths:5 | Found Boeq's General Store.
 46520 | Depths:5 | Found Zymmouce's Armour Shoppe.
 46520 | Depths:5 | Found Peful's Book Emporium.
 46523 | Depths:5 | Found Laywuw's Book Shoppe.
 46525 | Depths:5 | Bought a scroll of enchant weapon for 120 gold pieces
 46535 | Depths:5 | Bought a manual of Axes for 2318 gold pieces
 46649 | Depths:5 | Noticed Mennas
 46672 | Depths:5 | Killed Mennas
 46695 | Depths:5 | Reached skill level 7 in Evocations
 46720 | Depths:5 | Reached skill level 23 in Shields
 47055 | Depths:5 | Reached XP level 25. HP: 230/230 MP: 22/22
 47252 | Depths:5 | Reached skill level 8 in Evocations
 47299 | Depths:5 | Found a gate to the Realm of Zot.
 47879 | Crypt:3  | Killed an ancient lich
 47963 | Crypt:3  | Reached skill level 9 in Evocations
 47972 | Crypt:3  | HP: 23/236 [??? (8)]
 47972 | Crypt:3  | HP: 11/236 [smoke demon/divine providence[a mummy priest] (12)]
 48185 | Crypt:3  | HP: 20/236 [greater mummy/divine providence (12)]
 48190 | Crypt:3  | Killed a greater mummy
 48190 | Crypt:3  | Reached skill level 21 in Axes
 48487 | Crypt:3  | Identified the ring of Reimbursement {+Inv +Fly rElec rF+} (You found it on level 3 of the Crypt)
 48903 | Elf:3    | Entered Level 3 of the Elven Halls
 48940 | Elf:3    | Found a radiant altar of Vehumet.
 49360 | Vaults:5 | Entered Level 5 of the Vaults
 49375 | Vaults:5 | Reached skill level 10 in Evocations
 49405 | Vaults:5 | Reached skill level 11 in Evocations
 49489 | Vaults:5 | Reached skill level 22 in Axes
 49534 | Vaults:5 | Reached skill level 12 in Evocations
 50087 | Depths:5 | You paid a toll of +6 ice dragon scales to enter a treasure trove
 50088 | Trove    | Entered a treasure trove
 50113 | Trove    | Got a clouded pewter ring
 50115 | Trove    | Identified the ring of Aroagecu {rCorr rElec Int+4} (You found it in a treasure trove)
 50119 | Trove    | Identified the ring "Qafafior" {rF++ Str+5} (You found it in a treasure trove)
 50140 | Trove    | Identified Hebiolim's Grimoire of Supportive Snow
 50144 | Trove    | Identified Sif Muna's Disquisition on Creative Ignition
 50634 | Vaults:5 | Found Deyniamm's Distillery.
 50654 | Vaults:5 | Reached skill level 24 in Shields
 50681 | Vaults:5 | Bought a potion of agility for 84 gold pieces
 50681 | Vaults:5 | Bought a potion of agility for 84 gold pieces
 50681 | Vaults:5 | Bought a potion of agility for 84 gold pieces
 50681 | Vaults:5 | Bought a potion of agility for 84 gold pieces
 50911 | Vaults:5 | Reached skill level 13 in Evocations
 50986 | Vaults:5 | Reached XP level 26. HP: 244/244 MP: 21/21
 51069 | Vaults:5 | Reached skill level 1 in Necromancy
 51362 | Vaults:5 | Reached skill level 23 in Axes
 51375 | Vaults:5 | Got a silver rune of Zot
 51445 | Vaults:5 | Reached skill level 2 in Necromancy
 51474 | Vaults:5 | Reached skill level 3 in Necromancy
 51521 | Vaults:5 | Got a scorched ruby amulet
 51523 | Vaults:5 | Identified the amulet of Ofeang {+Rage rF+ MR+} (You found it on level 5 of the Vaults)
 52145 | Elf:3    | Identified the +11 chain mail of Insurance {rPois rCorr Str-5 Dex+2} (You found it on level 3 of the Elven Halls)
 52445 | Elf:3    | Reached skill level 4 in Necromancy
 52592 | Elf:3    | Reached skill level 5 in Necromancy
 52622 | Elf:3    | Reached skill level 14 in Evocations
 52633 | Elf:3    | Reached skill level 6 in Necromancy
 52786 | Elf:3    | Reached skill level 7 in Necromancy
 52826 | Elf:3    | Identified the cursed +1 chain mail "Qihi" {Regen+ rCorr Dex-2} (You found it on level 3 of the Elven Halls)
 52876 | Elf:3    | Found the +3 giant club "Skullcrusher" {speed, Str+7}
 52895 | Elf:3    | Identified Pianas's Collected Works on Air
 52903 | Elf:3    | Identified Daonynock's Incunabulum of the Supportive Snowflakes
 52909 | Elf:3    | Found the +2 cloak of the Thief {+Fog Slay-2 SInv Stlth+}
 53259 | Elf:3    | Reached skill level 1 in Charms
 53293 | Elf:3    | Reached skill level 2 in Charms
 53553 | Bazaar   | Entered a bazaar
 53557 | Bazaar   | Found Joym's Antique Weapon Shop.
 53565 | Bazaar   | Found Joegetil's Jewellery Shop.
 53576 | Bazaar   | Found Lieqim's Magic Scroll Emporium.
 53587 | Bazaar   | Found Ydwis Deq's Antique Armour Boutique.
 53595 | Bazaar   | Found Efogirr's General Store.
 53603 | Bazaar   | Bought a scroll of teleportation for 39 gold pieces
 53613 | Bazaar   | Bought a pair of embroidered boots for 157 gold pieces
 53613 | Bazaar   | Bought a runed crystal plate armour for 1743 gold pieces
 53623 | Bazaar   | Identified a +1 crystal plate armour (You bought it in a shop in a bazaar)
 53656 | Bazaar   | Bought a scroll of identify for 28 gold pieces
 53656 | Bazaar   | Bought a scroll of identify for 28 gold pieces
 53656 | Bazaar   | Bought a scroll of teleportation for 42 gold pieces
 53656 | Bazaar   | Bought a scroll of teleportation for 42 gold pieces
 53656 | Bazaar   | Bought a scroll of magic mapping for 49 gold pieces
 53656 | Bazaar   | Bought a scroll of identify for 28 gold pieces
 53667 | Bazaar   | Bought a cursed amulet of inaccuracy for 22 gold pieces
 53832 | D:8      | Reached skill level 8 in Necromancy
 53839 | D:8      | Killed bloodycherry's ghost
 53991 | Lair:1   | Killed Faytuur's ghost
 53991 | Lair:1   | Reached skill level 3 in Charms
 54137 | Lair:3   | Got a flickering ivory ring
 54138 | Lair:3   | Identified the ring "Texzeth" {rPois Int+5 Dex-5} (You found it on level 3 of the Lair of Beasts)
 54308 | Lair:6   | Killed HaroldButt's ghost
 54702 | Depths:1 | Killed Linahiep's ghost
 54722 | Depths:1 | Killed Remied Qure's ghost
 54722 | Depths:1 | Reached skill level 4 in Charms
 54729 | Depths:1 | Identified the +0 ring mail "Biakkaoh" {rC+ Str-4 Dex+6} (You found it on level 1 of the Depths)
 54738 | Depths:1 | Got an ancient cloak
 54749 | Depths:1 | Identified the +2 cloak of the Ecumenical Temple {rElec} (You found it on level 1 of the Depths)
 54931 | Depths:4 | Voluntarily entered the Abyss.
 54983 | Abyss:1  | Reached skill level 9 in Necromancy
 54987 | Abyss:1  | Gained mutation: You tend to lose your temper in combat. [a cacodemon]
 55002 | Abyss:1  | Gained mutation: Your spells are a little easier to cast, but a little less powerful. [a cacodemon]
 55016 | Abyss:1  | Lost mutation: Your spells are a little easier to cast, but a little less powerful. [potion of mutation]
 55016 | Abyss:1  | Lost mutation: You tend to lose your temper in combat. [potion of mutation]
 55016 | Abyss:1  | Gained mutation: You tend to lose your temper in combat. [potion of mutation]
 55016 | Abyss:1  | Gained mutation: You have large cloven feet. [potion of mutation]
 55017 | Abyss:1  | Lost mutation: You tend to lose your temper in combat. [potion of mutation]
 55017 | Abyss:1  | Gained mutation: Your muscles are strong. (Str +2) [potion of mutation]
 55017 | Abyss:1  | Gained mutation: Your movements are slightly less encumbered by armour. (ER -2) [potion of mutation]
 55024 | Abyss:1  | Paralysed by you for 6 turns
 55106 | Abyss:1  | Reached skill level 15 in Evocations
 55118 | Abyss:1  | Gained mutation: Your spells are a little easier to cast, but a little less powerful. [a neqoxec]
 55121 | Abyss:1  | Gained mutation: Scrolls take you a little longer to read. [a neqoxec]
 55265 | Abyss:1  | Reached skill level 5 in Charms
 55526 | Abyss:2  | Reached skill level 10 in Necromancy
 55648 | Abyss:3  | Reached skill level 6 in Charms
 55730 | Abyss:3  | Gained mutation: Armour fits poorly on your strangely shaped body. [a neqoxec]
 55750 | Abyss:3  | Paralysed by accursed screaming for 1 turns
 55767 | Abyss:3  | Paralysed by accursed screaming for 1 turns
 55774 | Abyss:3  | Paralysed by accursed screaming for 1 turns
 55795 | Abyss:3  | Got an abyssal rune of Zot
 56005 | Abyss:3  | Reached skill level 11 in Necromancy
 56019 | Abyss:3  | Reached skill level 7 in Charms
 56243 | Abyss:3  | Reached skill level 25 in Shields
 56258 | Abyss:3  | Reached skill level 8 in Charms
 56373 | Abyss:3  | Reached skill level 12 in Necromancy
 56407 | Abyss:3  | Reached XP level 27. HP: 222/252 MP: 14/14
 56470 | Depths:4 | Escaped the Abyss
 56872 | Slime:1  | Entered Level 1 of the Pits of Slime
 56874 | Slime:1  | Gained mutation: Your body sometimes deteriorates upon taking damage. [a shining eye]
 56883 | Slime:1  | Gained mutation: Your magical capacity is low. (-10% MP) [a shining eye]
 56962 | Slime:1  | Gained mutation: You are clumsy. (Dex -2) [a shining eye]
 56964 | Slime:1  | Gained mutation: Your magical capacity is very low. (-20% MP) [a shining eye]
 56967 | Slime:1  | Gained mutation: Scrolls take you longer to read. [a shining eye]
 56970 | Slime:1  | Gained mutation: You are very clumsy. (Dex -4) [a shining eye]
 56984 | Slime:1  | Reached skill level 9 in Charms
 57268 | Slime:1  | Reached skill level 13 in Necromancy
 57668 | Slime:3  | Reached skill level 10 in Charms
 57789 | Slime:4  | Gained mutation: Your magical capacity is extremely low. (-30% MP) [a shining eye]
 57791 | Slime:4  | Gained mutation: You occasionally shout uncontrollably at your foes. [a shining eye]
 57900 | Slime:4  | Reached skill level 11 in Charms
 58205 | Slime:5  | Entered Level 5 of the Pits of Slime
 58211 | Slime:5  | Gained mutation: Scrolls take you much longer to read. [a shining eye]
 58213 | Slime:5  | Lost mutation: Your muscles are strong. (Str +2) [a shining eye]
 58242 | Slime:5  | Reached skill level 17 in Fighting
 58375 | Slime:5  | Noticed the Royal Jelly
 58398 | Slime:5  | Killed the Royal Jelly
 58464 | Slime:5  | Gained mutation: Your body often deteriorates upon taking damage. [a shining eye]
 58486 | Slime:5  | Gained mutation: You sometimes yell uncontrollably at your foes. [a shining eye]
 58525 | Slime:5  | Found the +7 lajatang of Order {silver, rMut}
 58541 | Slime:5  | Found the +11 plutonium sword {*Contam Stlth-}
 58579 | Slime:5  | Got a slimy rune of Zot
 58622 | Slime:5  | Identified the Collected Works on Flamy Battle Magic
 58636 | Slime:5  | Got a fine bone ring
 58640 | Slime:5  | Identified the ring "Naixtir" {rC++ Int+4 Dex+6 Slay-4} (You found it on level 5 of the Pits of Slime)
 58692 | Slime:5  | Identified the +8 chain mail of Fedhas's Displeasure {rElec Regen+ Str+4} (You found it on level 5 of the Pits of Slime)
 59044 | Pan      | Entered Pandemonium
 59108 | Pan      | Reached skill level 18 in Fighting
 59112 | Pan      | Lost mutation: Armour fits poorly on your strangely shaped body. [potion of mutation]
 59112 | Pan      | Lost mutation: Your magical capacity is extremely low. (-30% MP) [potion of mutation]
 59112 | Pan      | Lost mutation: Your spells are a little easier to cast, but a little less powerful. [potion of mutation]
 59112 | Pan      | Gained mutation: You are partially covered in large bone plates. (SH +4) [potion of mutation]
 59113 | Pan      | Lost mutation: Your magical capacity is very low. (-20% MP) [potion of mutation]
 59113 | Pan      | Lost mutation: Your magical capacity is low. (-10% MP) [potion of mutation]
 59113 | Pan      | Lost mutation: Your body often deteriorates upon taking damage. [potion of mutation]
 59113 | Pan      | Lost mutation: Scrolls take you much longer to read. [potion of mutation]
 59113 | Pan      | Gained mutation: You are partially covered in iridescent scales. (AC +2) [potion of mutation]
 59114 | Pan      | Lost mutation: Your body sometimes deteriorates upon taking damage. [potion of mutation]
 59114 | Pan      | Lost mutation: You sometimes yell uncontrollably at your foes. [potion of mutation]
 59114 | Pan      | Lost mutation: You are partially covered in iridescent scales. (AC +2) [potion of mutation]
 59114 | Pan      | Lost mutation: You are very clumsy. (Dex -4) [potion of mutation]
 59114 | Pan      | Gained mutation: You are resistant to hostile enchantments. (MR+) [potion of mutation]
 59114 | Pan      | Gained mutation: Your muscles are strong. (Str +2) [potion of mutation]
 59115 | Pan      | Lost mutation: You are clumsy. (Dex -2) [potion of mutation]
 59115 | Pan      | Lost mutation: You occasionally shout uncontrollably at your foes. [potion of mutation]
 59115 | Pan      | Lost mutation: You are resistant to hostile enchantments. (MR+) [potion of mutation]
 59115 | Pan      | Gained mutation: You are partially covered in iridescent scales. (AC +2) [potion of mutation]
 59191 | Pan      | Noticed Wuatos the pandemonium lord
 59213 | Pan      | Killed Wuatos the pandemonium lord
 59214 | Pan      | Lost mutation: You have large cloven feet. [a cacodemon]
 59219 | Pan      | Gained mutation: Armour fits poorly on your strangely shaped body. [a cacodemon]
 59456 | Pan      | Reached skill level 17 in Dodging
 59946 | Pan      | Reached skill level 18 in Dodging
 60119 | Pan      | Found a huge runed gate.
 60156 | Pan      | Reached skill level 2 in Stealth
 60321 | Pan      | Found an exit through the horrors of the Abyss.
 60436 | Pan      | Reached skill level 3 in Stealth
 60549 | Pan      | Reached skill level 4 in Stealth
 60617 | Pan      | Noticed Zavaaplo the pandemonium lord
 60632 | Pan      | Killed Zavaaplo the pandemonium lord
 60648 | Pan      | Reached skill level 5 in Stealth
 61030 | Pan      | Reached skill level 19 in Dodging
 61051 | Pan      | Reached skill level 6 in Stealth
 61115 | Pan      | Found an exit through the horrors of the Abyss.
 61119 | Pan      | Gained mutation: You are frail. (-10% HP) [a cacodemon]
 61158 | Pan      | Reached skill level 19 in Fighting
 61199 | Pan      | Reached skill level 7 in Stealth
 61261 | Pan      | Noticed Utsopn the pandemonium lord
 61280 | Pan      | HP: 18/238 [Utsopn the pandemonium lord/bolt of lightning (12)]
 61282 | Pan      | Killed Utsopn the pandemonium lord
 61289 | Pan      | Reached skill level 8 in Stealth
 61353 | Pan      | HP: 22/238 [??? (9)]
 61502 | Pan      | HP: 17/239 [Ice Fiend/bolt of cold (9)]
 61714 | Pan      | Reached skill level 9 in Stealth
 61847 | Pan      | Gained mutation: Scrolls take you much longer to read. [a cacodemon]
 62194 | Pan      | Reached skill level 10 in Stealth
 62321 | Pan      | Noticed Heojem the pandemonium lord
 62395 | Pan      | Paralysed by Heojem for 5 turns
 62412 | Pan      | Paralysed by Heojem for 2 turns
 62423 | Pan      | Killed Heojem the pandemonium lord
 62600 | Pan      | Reached skill level 11 in Stealth
 62862 | Pan      | Entered the realm of Cerebov.
 62863 | Pan      | Upgraded the game from 0.22.0-32-gbc6daba to 0.22.0-36-g8e74550
 63106 | Pan      | Reached skill level 12 in Stealth
 63427 | Pan      | Noticed Cerebov
 63437 | Pan      | HP: 20/241 [Cerebov/great serpentine sword {flame} (33)]
 63467 | Pan      | Killed Cerebov
 63467 | Pan      | Reached skill level 20 in Fighting
 63467 | Pan      | Reached skill level 13 in Stealth
 63503 | Pan      | Got a glittering copper amulet
 63507 | Pan      | Identified the amulet "Oculub" {rElec rN+ MR+ Regen+} (You found it in Pandemonium)
 63545 | Pan      | Got a fiery rune of Zot
 63748 | Pan      | Reached skill level 22 in Invocations
 63786 | Pan      | Got a twitching wooden ring
 63790 | Pan      | Identified the ring "Gatwaxo" {AC+1 Str+4 Int+3 Dex+3} (You found it in Pandemonium)
 63792 | Pan      | Got a pair of shimmering gloves
 63803 | Pan      | Identified the cursed +0 pair of gloves of Dasuink {MR+ rCorr} (You found it in Pandemonium)
 63923 | Pan      | Got a smelly plate armour
 63934 | Pan      | Identified the cursed +1 plate armour of Unambiguity {rF+} (You found it in Pandemonium)
 64194 | Pan      | Found an exit through the horrors of the Abyss.
 64456 | Pan      | Gained mutation: Your body sometimes deteriorates upon taking damage. [a cacodemon]
 64464 | Pan      | Gained mutation: You are very frail. (-20% HP) [a cacodemon]
 64637 | Pan      | Noticed Exkigij the pandemonium lord
 64672 | Pan      | Killed Exkigij the pandemonium lord
 64672 | Pan      | Gained mutation: Your spells are a little easier to cast, but a little less powerful. [a cacodemon]
 64674 | Pan      | HP: 15/214 [??? (7)]
 64679 | Pan      | Gained mutation: You are extremely frail. (-30% HP) [a cacodemon]
 64689 | Pan      | Gained mutation: You tend to lose your temper in combat. [a cacodemon]
 64696 | Pan      | Gained mutation: Your body often deteriorates upon taking damage. [a cacodemon]
 64702 | Pan      | Lost mutation: Armour fits poorly on your strangely shaped body. [potion of mutation]
 64702 | Pan      | Lost mutation: You are extremely frail. (-30% HP) [potion of mutation]
 64702 | Pan      | Lost mutation: Your muscles are strong. (Str +2) [potion of mutation]
 64702 | Pan      | Lost mutation: You are very frail. (-20% HP) [potion of mutation]
 64702 | Pan      | Gained mutation: You evolve. [potion of mutation]
 64709 | Pan      | Gained mutation: Your spells are easier to cast, but less powerful. [a cacodemon]
 64726 | Pan      | Lost mutation: Your body often deteriorates upon taking damage. [a cacodemon]
 64728 | Pan      | Reached skill level 23 in Invocations
 64750 | Pan      | HP: 23/241 [Tzitzimitl (4)]
 65088 | Pan      | Got a demonic rune of Zot
 65105 | Pan      | Reached skill level 24 in Invocations
 65198 | Pan      | Entered the realm of Gloorx Vloq.
 65319 | Pan      | Lost mutation: Your body sometimes deteriorates upon taking damage. [evolution]
 65319 | Pan      | Lost mutation: You evolve. [end of evolution]
 65383 | Pan      | HP: 19/241 [??? (9)]
 65527 | Pan      | Reached skill level 25 in Invocations
 66035 | Pan      | Noticed Gloorx Vloq
 66054 | Pan      | HP: 35/361 [??? (24)]
 66055 | Pan      | Killed Gloorx Vloq
 66057 | Pan      | HP: 13/241 [poisoned by Gloorx Vloq (dark miasma)]
 66194 | Pan      | Got a dark rune of Zot
 66222 | Pan      | HP: 21/241 [Executioner (2)]
 66230 | Pan      | Reached skill level 26 in Invocations
 66320 | Pan      | Entered the realm of Lom Lobon.
 66320 | Pan      | Found an exit through the horrors of the Abyss.
 66456 | Pan      | Lost mutation: You are frail. (-10% HP) [potion of mutation]
 66456 | Pan      | Gained mutation: Your mind is acute. (Int +2) [potion of mutation]
 66456 | Pan      | Gained mutation: You expend magic power (3 MP) to strengthen your wands. [potion of mutation]
 66769 | Pan      | Noticed Lom Lobon
 66854 | Pan      | HP: 20/268 [Lom Lobon/great icy blast (31)]
 66868 | Pan      | HP: 22/268 [Lom Lobon/great icy blast (49)]
 66874 | Pan      | HP: 14/268 [Lom Lobon/great icy blast (26)]
 66879 | Pan      | HP: 20/268 [Lom Lobon/great icy blast (33)]
 66881 | Pan      | Killed from afar by Lom Lobon

Vanquished Creatures
  Cerebov (Pan)
  the Royal Jelly (Slime:5)
  2 ancient liches
  Mennas (Depths:5)
  A greater mummy (Crypt:3)
  The ghost of Remied Qure the Severer, a veteran DsFi of Makhleb (Depths:1)
  Saint Roka (Crypt:2)
  3 golden dragons (Vaults:5)
  The ghost of Linahiep the Sorcerer, a veteran DEHu of Kikubaaqudgha (Depths:1)
  Nikola (Swamp:2)
  2 bone dragons
  4 Tzitzimimeh (Pan)
  4 Brimstone Fiends (Pan)
  3 liches
  Rupert (D:15)
  4 pandemonium lords (Pan)
  3 tentacled monstrosities
  A Cloud Mage (WizLab)
  4 Ice Fiends (Pan)
  3 quicksilver dragons
  A deep elf master archer (Elf:3)
  8 sphinxes
  4 titans
  4 tentacled starspawn
  22 Executioners
  26 acid blobs
  4 ancient champions
  A draconian monk (Depths:5)
  3 thorn hunters
  A storm dragon (Depths:5)
  Roxanne (Swamp:2)
  13 azure jellies
  A revenant (Crypt:3)
  4 tengu reavers
  6 nagarajas (Snake:4)
  4 shadow dragons (Vaults:5)
  5 deep elf sorcerers (Elf:3)
  10 fire giants
  3 warmongers (Pan)
  8 frost giants
  20 balrugs (Pan)
  An orc warlord (Orc:2)
  An emperor scorpion (D:15)
  5 curse skulls
  13 vault wardens
  2 ghouls
  15 ironheart preservers
  A draconian stormcaller (Depths:5)
  13 cacodemons
  2 draconian annihilators (Pan)
  3 spriggan defenders
  3 reapers
  2 war gargoyles (Vaults:5)
  2 angels
  5 deep elf elementalists
  The ghost of HaroldButt the Spry, a journeyman MfMo of Ru (Lair:6)
  20 very ugly things
  3 entropy weavers
  16 stone giants
  A black draconian (Depths:5)
  7 vampire knights
  9 lorocyprocas (Pan)
  5 blood saints (Pan)
  3 deep elf demonologists
  3 corrupters (Pan)
  14 starcursed masses
  3 black suns (Pan)
  11 deep elf annihilators
  A minotaur (Lab)
  A purple draconian (Depths:5)
  Azrael (Snake:3)
  A dire elephant (D:15)
  A red draconian (Depths:5)
  10 spark wasps
  2 eidola
  8 ettins
  9 jiangshi
  An ettin (shapeshifter) (Vaults:4)
  8 deep elf death magi
  9 fire dragons
  Josephine (D:10)
  A crystal guardian (Vaults:4)
  12 great orbs of eyes
  7 death oozes
  12 green deaths
  10 blizzard demons
  5 mummy priests (Crypt:3)
  A quicksilver dragon zombie (Crypt:1)
  16 yaktaur captains
  8 deep elf high priests
  15 ogre magi
  6 rakshasas
  The ghost of Faytuur the Cleaver, a journeyman MiFi of Makhleb (Lair:1)
  13 naga warriors
  30 vault guards
  A spriggan air mage (WizLab)
  A hydra (shapeshifter) (Depths:4)
  23 hydras
  Erolcha (D:11)
  4 monstrous demonspawn (Pan)
  4 hell beasts (Pan)
  12 ice dragons
  4 ghost crabs
  9 centaur warriors
  6 death knights
  29 dancing weapons
  17 alligators
  8 anacondas
  13 deep troll shamans
  34 two-headed ogres
  3 death yaks (Lair:4)
  A queen ant (Lair:5)
  8 hell hogs
  9 vampire magi
  3 thrashing horrors
  11 naga sharpshooters
  8 deep troll earth magi
  4 tengu warriors
  Nergalle (Lair:2)
  5 orc high priests
  A spriggan berserker (Depths:3)
  The ghost of bloodycherry the Fighter, a novice MiFi of Makhleb (D:8)
  7 shock serpents
  11 spriggans
  16 soul eaters
  5 hell knights
  13 shadow wraiths
  8 wretched stars
  Sonja (Lair:2)
  17 deep elf knights
  57 sun demons (Pan)
  7 iron trolls
  A storm dragon zombie (Crypt:1)
  26 sixfirhies (Pan)
  3 spatial maelstroms
  A salamander mystic (Snake:2)
  A fire crab (Volcano)
  4 spriggan druids
  28 skeletal warriors
  A sea snake (shapeshifter) (Vaults:5)
  A sea snake (Snake:2)
  10 death drakes
  2 gelid demonspawn (Pan)
  38 deep trolls
  10 wizards
  5 unseen horrors
  An infernal demonspawn (Pan)
  12 glowing orange brains
  7 shadow demons (Pan)
  3 spectral hydras (Swamp:4)
  6 torturous demonspawn (Pan)
  2 swamp dragons
  4 orange crystal statues
  7 naga ritualists
  A harpy (shapeshifter) (Depths:1)
  15 deep elf archers
  16 phantasmal warriors
  18 ironbrand convokers
  6 flayed ghosts
  A wolf spider zombie (D:15)
  13 harpies
  57 deep elf magi
  12 mana vipers
  5 necromancers
  8 orc knights
  7 manticores
  A wolf spider (shapeshifter) (Vaults:5)
  10 shining eyes
  5 orc sorcerers
  A shadow dragon skeleton (Pan)
  A tengu skeleton (Depths:2)
  6 cyclopes
  4 oklob plants (Lair:3)
  9 wolf spiders
  31 ugly things
  A stone giant skeleton (Abyss:1)
  A fire giant zombie (Abyss:1)
  A faun (shapeshifter) (Vaults:5)
  2 iron dragon skeletons
  A salamander (shapeshifter) (Vaults:4)
  2 frost giant zombies
  15 vault sentinels
  An elf zombie (Depths:2)
  A shock serpent zombie (Crypt:2)
  2 fire giant skeletons
  14 salamanders
  34 black mambas
  9 elephants (Lair:5)
  4 guardian serpents
  2 worldbinders (Abyss:1)
  8 apocalypse crabs
  A frost giant skeleton (Pan)
  10 naga magi
  A cyclops (shapeshifter) (Vaults:5)
  2 centaur zombies (D:14)
  2 rust devils
  2 molten gargoyles (Volcano)
  An ice statue (IceCv)
  3 eyes of devastation
  28 orange demons (Pan)
  19 smoke demons
  2 gargoyles
  A spiny frog (shapeshifter) (Depths:4)
  14 hellions
  24 spiny frogs
  An elephant slug zombie (Crypt:2)
  A kobold demonologist (D:15)
  12 komodo dragons
  2 torpor snails
  3 rime drakes
  8 efreet
  19 freezing wraiths
  13 demonic crawlers (Pan)
  A rime drake (shapeshifter) (D:11)
  13 hellwings (Pan)
  A golden dragon simulacrum (Depths:2)
  5 swamp worm zombies
  An anaconda simulacrum (Depths:4)
  A red draconian skeleton (Crypt:1)
  3 tengu conjurers
  A komodo dragon (shapeshifter) (Vaults:3)
  31 yaktaurs
  2 grey draconian skeletons
  8 hydra zombies
  3 polar bears (Lair:6)
  26 guardian mummies (Crypt:3)
  2 queen bees (shapeshifter)
  2 tormentors (Pan)
  3 ice devils (Pan)
  18 red devils (Pan)
  An ancient zyme (Abyss:2)
  A jumping spider (shapeshifter) (Depths:3)
  12 hornets
  7 trolls
  A queen bee (Lair:4)
  A guardian serpent zombie (Crypt:2)
  5 tyrant leeches
  3 meliai (Lair:4)
  21 blink frogs
  33 raiju
  29 large abominations
  3 alligator zombies (Swamp:4)
  15 bog bodies
  A blink frog (shapeshifter) (Vaults:4)
  A harpy skeleton (Crypt:2)
  2 wind drakes (shapeshifter)
  2 spectral swamp dragons (Swamp:4)
  10 hippogriffs
  15 dream sheep
  2 redbacks (Lair:6)
  A fire dragon skeleton (Pan)
  A fire giant simulacrum (Abyss:3)
  10 flying skulls
  A frost giant simulacrum (Crypt:1)
  11 air elementals
  4 shadows
  153 slime creatures
  A satyr skeleton (Crypt:1)
  A spriggan (shapeshifter) (Vaults:1)
  2 alligator skeletons
  16 wraiths
  14 wyverns
  Sigmund (D:2)
  20 ynoxinuls
  20 humans (D:14)
  7 water elementals
  3 fire elementals
  5 vampires
  8 neqoxecs
  8 ushabtiu (Crypt:3)
  9 fire bats (Volcano)
  2 yaks (shapeshifter)
  A human (shapeshifter) (Vaults:1)
  17 golden eyes
  32 yaks
  2 hungry ghosts
  A death yak simulacrum (IceCv)
  7 basilisks
  6 small abominations
  2 steam dragons (Volcano)
  24 vampire mosquitoes
  13 chaos spawn
  Menkaure (D:5)
  3 spatial vortices
  A swamp worm (shapeshifter) (Vaults:4)
  8 wargs
  21 swamp worms
  26 soldier ants
  7 acid dragons
  62 nagas
  A hydra simulacrum (Depths:4)
  13 insubstantial wisps
  Edmund (D:4)
  Duvessa (D:4)
  10 porcupines
  3 spectral spriggans (Depths:4)
  19 water moccasins
  5 spectral trolls (Depths:4)
  A spiny frog zombie (Crypt:3)
  42 orc warriors
  2 sky beasts
  A floating eye (shapeshifter) (Depths:2)
  3 snapping turtle zombies (Depths:4)
  16 hell hounds
  11 ice beasts
  7 swamp drakes
  3 black bears
  3 necrophages
  2 black bears (shapeshifter)
  A dream sheep zombie (Crypt:2)
  4 phantoms (Swamp:4)
  A hornet zombie (D:7)
  17 boggarts
  A manticore zombie (Crypt:3)
  6 eyes of draining
  38 ogres
  22 wolves
  25 centaurs
  28 crocodiles
  A rime drake zombie (Crypt:1)
  A swamp dragon skeleton (Crypt:1)
  2 big kobolds
  Blork the orc (D:5)
  4 earth elementals
  31 bullfrogs
  A gnoll sergeant (D:9)
  A water moccasin zombie (Crypt:3)
  6 scorpions
  Dowan (D:4)
  3 spectral ogres (Depths:4)
  A killer bee (shapeshifter) (Depths:1)
  3 electric eels
  15 killer bees
  11 wights
  A howler monkey (D:4)
  A spectral centaur (Depths:4)
  4 bullfrog zombies
  17 crimson imps
  5 draconian simulacra (IceCv)
  8 lava snakes (Volcano)
  8 jellies
  Crazy Yiuf (D:3)
  31 orc priests
  A basilisk skeleton (Crypt:3)
  4 bullfrog skeletons
  8 centaur skeletons
  A gnoll shaman (D:7)
  4 hounds
  12 iguanas
  A human skeleton (Crypt:1)
  3 spectral swamp drakes (Swamp:4)
  Natasha (thrice) (D:3)
  39 orc wizards
  A spriggan simulacrum (IceCv)
  30 worker ants
  6 troll simulacra (IceCv)
  3 wolf simulacra (IceCv)
  A big kobold zombie (Crypt:1)
  5 centaur simulacra
  An ogre skeleton (Crypt:1)
  7 mummies (Crypt:3)
  2 hound skeletons (D:8)
  Robin (D:2)
  A worker ant zombie (D:10)
  7 adders
  17 gnolls
  A naga simulacrum (IceCv)
  4 ogre simulacra (IceCv)
  2 shadow imps
  A swamp drake skeleton (Crypt:2)
  14 white imps
  An ufetubus (Abyss:3)
  6 oozes
  A worm zombie (Crypt:3)
  2 adder skeletons
  An adder zombie (D:8)
  4 worms
  5 ball lightnings (Pan)
  A dart slug (D:2)
  9 leopard geckos
  123 orcs
  3 bats
  A bat zombie (Crypt:1)
  7 giant cockroaches
  14 goblins
  7 hobgoblins
  6 jackals
  5 quokkas
  5 ball pythons
  14 frilled lizards
  A jackal skeleton (Crypt:2)
  A jackal zombie (D:8)
  20 kobolds
  An orc skeleton (Pan)
  5 rats
  A rat skeleton (Crypt:3)
  12 briar patches
  4 crawling corpses
  A demonic plant (Pan)
  A fire vortex (Pan)
  7 fungi
  17 plants
  5 starspawn tentacles
3309 creatures vanquished.

Vanquished Creatures (collateral kills)
  Gloorx Vloq (Pan)
  A pandemonium lord (Pan)
  2 golden dragons (Vaults:5)
  A bone dragon (Depths:5)
  2 titans (Vaults:5)
  A tengu reaver (Depths:5)
  A storm dragon (Vaults:5)
  2 frost giants (Depths:5)
  An orc warlord (Orc:2)
  A cacodemon (Pan)
  An iron dragon (Vaults:5)
  A curse skull (Pan)
  3 very ugly things (Vaults:5)
  2 purple draconians (Depths:5)
  A white draconian (Depths:5)
  A deep elf annihilator (Vaults:5)
  3 spark wasps (Depths:5)
  A mummy priest (Crypt:3)
  2 ettins (Vaults:5)
  A yaktaur captain (Depths:4)
  A rakshasa (Depths:4)
  3 vault guards (Vaults:5)
  An ogre mage (Vaults:5)
  An ice dragon (Depths:4)
  A dancing weapon (Depths:4)
  A two-headed ogre (Vaults:5)
  A hell knight (Depths:4)
  A soul eater (Pan)
  A sun demon (Pan)
  A sixfirhy (Pan)
  A large abomination (Pan)
  A glowing orange brain (Depths:4)
  A deep troll (Depths:5)
  2 phantasmal warriors (Vaults:5)
  An orc knight (Orc:2)
  A necromancer (Depths:4)
  A shadow dragon skeleton (Pan)
  A deep elf archer (Vaults:5)
  An orc sorcerer (Orc:2)
  An ugly thing (Depths:5)
  A frost giant skeleton (Pan)
  A vault sentinel (Vaults:5)
  Maurice (Orc:1)
  A dire elephant skeleton (Pan)
  A yaktaur (Vaults:5)
  A spectral merfolk (Depths:4)
  A wind drake (shapeshifter) (Depths:5)
  A bog body (Crypt:3)
  A shadow (Depths:4)
  A wraith (Depths:4)
  A vampire (Depths:4)
  A water elemental (Depths:5)
  3 ynoxinuls (Pan)
  An ushabti (Crypt:3)
  A warg (Orc:2)
  A floating eye (Depths:4)
  A spectral spriggan (Depths:4)
  2 spectral trolls (Depths:4)
  4 orc warriors
  3 ogres (Orc:2)
  A spectral centaur (Depths:4)
  A spectral naga (Depths:4)
  5 orc wizards
  2 orc priests
  A mummy (Crypt:3)
  9 orcs
  A fungus (Depths:4)
  A plant (Depths:5)
101 creatures vanquished.

Vanquished Creatures (others)
  Vashnia (Snake:4)
  A lich (Crypt:3)
  An ironheart preserver (Vaults:1)
  A green death (Pan)
  A ghost crab (WizLab)
  An anaconda (Snake:1)
  4 naga sharpshooters (Snake:4)
  A hell hog (Abyss:2)
  A sun demon (Pan)
  2 shock serpents
  A wizard (Pan)
  An apocalypse crab (WizLab)
  2 yaktaurs (Vaults:2)
  A fire bat (Volcano)
  2 small abominations (Abyss:3)
  5 insubstantial wisps (Swamp:4)
  A spatial vortex (Abyss:3)
  An ogre (Vaults:4)
  A starcursed mass (Abyss:3)
  A phantom (Swamp:4)
  3 centaurs
  14 ball lightnings (Pan)
  An orc (D:14)
  A briar patch (Swamp:2)
  A demonic plant (Pan)
  23 fungi
  A lurking horror (Abyss:3)
  48 plants
  11 starspawn tentacles
  22 withered plants
155 creatures vanquished.

Grand Total: 3565 creatures vanquished
